 Dungeon Crawl Stone Soup version 0.18.1-48-g4cf74bf (webtiles) character file.

5726 djnw the Geomancer (level 10, -6/75 HPs)
             Began as a Naga Earth Elementalist on Aug 28, 2016.
             Was the Champion of Sif Muna.
             Mangled by a troll (7 damage)
             ... on level 9 of the Dungeon.
             The game lasted 00:31:43 (10732 turns).

djnw the Geomancer (Naga Earth Elementalist)       Turns: 10732, Time: 00:31:44

Health: -6/75      AC: 17    Str: 13    XL:     10   Next: 77%
Magic:  9/22       EV:  8    Int: 24    God:    Sif Muna [******]
Gold:   302        SH:  6    Dex: 13    Spells: 4 memorised, 13 levels left

rFire  . . .     SeeInvis +     t - +2 hand axe "Paxostud" {speed, rElec rPois Int+6}
rCold  . . .     Gourm    .     x - +1 robe {MR+}
rNeg   . . .     Faith    .     r - +2 buckler
rPois  +         Spirit   .     (no helmet)
rElec  +         Dismiss  .     g - +2 cloak
rCorr  .         Reflect  .     p - +2 pair of gloves
SustAt .         Harm     .     h - +2 naga barding
MR     ++...                    (no amulet)
Stlth  ++........               (no ring)
                                l - +3 ring of strength

@: flying, very slow, very resistant to hostile enchantments, unstealthy
A: see invisible, deformed body, poison resistance, slowness 2, slow metabolism
1, spit poison 2, AC +3
a: Spit Poison, Channel Energy, Forget Spell, Renounce Religion


You were on level 9 of the Dungeon.
You worshipped Sif Muna.
Sif Muna was exalted by your worship.
You were hungry.

You visited 1 branch of the dungeon, and saw 9 of its levels.

You collected 432 gold pieces.
You spent 130 gold pieces at shops.

Inventory:

Hand Weapons
 e - a +2 falchion of protection
 t - the +2 hand axe "Paxostud" (weapon) {speed, rElec rPois Int+6}
   (You found it on level 8 of the Dungeon)

   Attacks with this weapon are significantly faster.
   It affects your intelligence (+6).
   It insulates you from electricity.
   It protects you from poison.
Missiles
 b - 107 stones (quivered)
 k - 6 large rocks
Armour
 g - a +2 cloak (worn)
 h - a +2 naga barding (worn)
 p - a +2 pair of gloves (worn)
 r - a +2 buckler (worn)
 x - a +1 robe of magic resistance (worn)
Jewellery
 l - a +3 ring of strength (left hand)
Wands
 f - a wand of digging (8/24)
 n - a wand of disintegration (8/24)
Scrolls
 a - 3 scrolls of magic mapping
 m - 4 scrolls of fog
 o - 9 scrolls of identify
 q - 5 scrolls of remove curse
 y - 3 scrolls of enchant weapon
Potions
 i - a potion of flight
 j - a potion of cure mutation
 v - a potion of brilliance
Books
 c - a book of Geomancy

   Spells                             Type                      Level
   a - Sandblast                      Earth                        1
   b - Passwall                       Transmutation/Earth          2
   c - Stone Arrow                    Conjuration/Earth            3
   d - Petrify                        Transmutation/Earth          4
   e - Lee's Rapid Deconstruction     Earth                        5
Comestibles
 d - 3 bread rations
 s - 3 meat rations
 u - 5 chunks of flesh


   Skills:
 - Level 1.5 Dodging
 - Level 3.0 Stealth
 - Level 2.5 Shields
 * Level 8.5 Spellcasting
 + Level 6.0 Conjurations
 + Level 5.9 Transmutations
 * Level 9.6 Earth Magic


You had 13 spell levels left.
You knew the following spells:

 Your Spells              Type           Power        Failure   Level  Hunger
a - Sandblast             Erth           ######       1%          1    None
b - Stone Arrow           Conj/Erth      #####.       1%          3    None
c - Petrify               Trmt/Erth      #####...     2%          4    ##.....
d - Lee's Rapid Deconstr  Erth           ######....   3%          5    ####...


Dungeon Overview and Level Annotations

Branches:
Dungeon (9/15)             Temple (0/1) D:5
   Lair: D:8-11         Orc: D:9-12

Altars:
Ashenzari
Cheibriados
Fedhas
Kikubaaqudgha
Okawaru
Pakellas
Sif Muna
Trog

Shops:
D:7 [[*(


Innate Abilities, Weirdness & Mutations

You cannot wear boots.
Your serpentine skin is tough (AC +3).
You have supernaturally acute eyesight.
Armour fits poorly on your strangely shaped body.
Your system is resistant to poisons.
You cover ground very slowly.
You have a slow metabolism.
You can spit poison.


Message History

The yak closely misses you. The yak gores you.
* * * LOW HITPOINT WARNING * * *
You reach down and open the door.
You block the yak's attack. x2
The yak closely misses you.
There is an open door here.
You block the troll's attack. The troll barely misses you.
You block the troll's attack. The troll bites you but does no damage.
The troll barely misses you. The troll claws you.
* * * LOW HITPOINT WARNING * * *
The troll bites you but does no damage.
The troll claws you but does no damage. x2
The troll bites you!
* * * LOW HITPOINT WARNING * * *
The troll claws you but does no damage. The troll barely misses you.
The yak closely misses you. The troll bites you!
* * * LOW HITPOINT WARNING * * *
The troll claws you!
You die...

#'#.)....####...#####...####.....
#........#......# #......#.....
#........#......# #......#.....
#........#......# #......#.....
#........'Y.....# #......#...).
#........#......#####......#.....
#........###....)).†.......#.....
...........###########.....#.....
...............T@....##'##'#.....
..............YY............†....
............................:....
.#########.......................
.# #.........##########)... .#
#.........# #.... ## #.........#
#...# ########### ####


You could see 2 yaks and a troll.

Vanquished Creatures
  Maurice (D:9)
  2 centaur zombies (D:9)
  A troll (D:9)
  The ghost of Galewind the Conjurer, an amateur DECj (D:4)
  3 yaks (D:9)
  2 hungry ghosts (D:9)
  Menkaure (D:7)
  A water moccasin (D:8)
  Duvessa (D:7)
  2 orc warriors
  3 black bears
  4 ice beasts
  An ogre (D:9)
  3 sky beasts
  2 centaurs
  3 big kobolds
  Blork the orc (D:5)
  5 giant frogs
  A gnoll sergeant (D:9)
  Dowan (D:7)
  4 scorpions
  5 wights (D:8)
  A howler monkey (D:5)
  5 crimson imps
  A wasp zombie (D:9)
  A hound (D:8)
  2 jellies
  3 orc priests
  3 orc wizards
  A centaur skeleton (D:4)
  2 giant frog skeletons
  3 iguanas
  4 worker ants
  A killer bee zombie (D:5)
  A worker ant zombie (D:5)
  9 gnolls
  A howler monkey zombie (D:6)
  11 adders
  A howler monkey skeleton (D:7)
  A shadow imp (D:5)
  3 oozes
  An adder zombie (D:8)
  4 worms
  3 dart slugs
  6 giant geckos
  24 orcs
  10 bats
  7 giant cockroaches
  5 goblins
  4 hobgoblins
  7 jackals
  17 kobolds
  2 quokkas
  3 ball pythons
  2 giant newts
  A quokka skeleton (D:4)
  11 rats
209 creatures vanquished.

Vanquished Creatures (others)
  A fungus (D:8)
1 creature vanquished.

Grand Total: 210 creatures vanquished

Notes
Turn   | Place    | Note
--------------------------------------------------------------
     0 | D:1      | djnw the Naga Earth Elementalist began the quest for the Orb.
     0 | D:1      | Reached XP level 1. HP: 15/15 MP: 3/3
   466 | D:1      | Reached XP level 2. HP: 22/22 MP: 3/5
  1466 | D:2      | Reached XP level 3. HP: 28/28 MP: 4/6
  1639 | D:2      | Reached skill level 4 in Earth Magic
  1639 | D:2      | Reached XP level 4. HP: 34/36 MP: 8/8
  1703 | D:2      | Learned a level 3 spell: Stone Arrow
  1708 | D:2      | Learned a level 4 spell: Petrify
  1810 | D:2      | Found an oddly glowing altar of Pakellas.
  1811 | D:2      | Found a deep blue altar of Sif Muna.
  1821 | D:2      | Became a worshipper of Sif Muna the Loreminder
  1839 | D:2      | Found an iron altar of Okawaru.
  2197 | D:3      | Reached skill level 1 in Conjurations
  2379 | D:3      | Reached XP level 5. HP: 39/42 MP: 2/10
  2705 | D:3      | Found a shattered altar of Ashenzari.
  3054 | D:4      | Found a bloodstained altar of Trog.
  3060 | D:4      | Found a snail-covered altar of Cheibriados.
  3219 | D:4      | Reached XP level 6. HP: 49/49 MP: 6/11
  3358 | D:4      | Noticed Galewind's ghost (amateur DECj)
  3536 | D:4      | Killed Galewind's ghost
  3536 | D:4      | Reached * piety under Sif Muna
  3536 | D:4      | Reached skill level 5 in Earth Magic
  3695 | D:4      | Reached XP level 7. HP: 55/55 MP: 11/13
  4390 | D:5      | Entered Level 5 of the Dungeon
  4658 | D:5      | Reached ** piety under Sif Muna
  5008 | D:5      | Reached skill level 5 in Spellcasting
  5008 | D:5      | Reached skill level 6 in Earth Magic
  5039 | D:5      | Found a staircase to the Ecumenical Temple.
  5084 | D:5      | Reached XP level 8. HP: 62/62 MP: 11/15
  5299 | D:5      | Noticed Blork the orc
  5304 | D:5      | Killed Blork the orc
  6006 | D:6      | Reached *** piety under Sif Muna
  6006 | D:6      | Reached skill level 7 in Earth Magic
  6197 | D:6      | Learned a level 5 spell: Lee's Rapid Deconstruction
  6763 | D:7      | Noticed Menkaure
  6768 | D:7      | Killed Menkaure
  6768 | D:7      | Reached XP level 9. HP: 68/68 MP: 2/18
  6791 | D:7      | Found Castreg's Antique Armour Shoppe.
  6829 | D:7      | Bought a glowing buckler for 112 gold pieces
  6841 | D:7      | Found Wooxaov's Assorted Antiques.
  6859 | D:7      | Found Ydaph's Distillery.
  7106 | D:7      | Found Rowa's Antique Weapon Shoppe.
  7671 | D:7      | Reached **** piety under Sif Muna
  7681 | D:7      | Reached skill level 1 in Shields
  7979 | D:7      | Noticed Duvessa
  7983 | D:7      | Noticed Dowan
  7987 | D:7      | Killed Duvessa
  7992 | D:7      | Killed Dowan
  7992 | D:7      | Reached skill level 8 in Earth Magic
  8006 | D:7      | Found Ihoulul's Antique Armour Boutique.
  8015 | D:7      | Bought a glowing robe for 18 gold pieces
  8401 | D:8      | Found a blossoming altar of Fedhas.
  8607 | D:8      | Reached skill level 5 in Conjurations
  8683 | D:8      | Reached ***** piety under Sif Muna
  8762 | D:8      | Reached skill level 5 in Transmutations
  8768 | D:8      | Reached XP level 10. HP: 41/75 MP: 6/21
  8965 | D:8      | Found an ancient bone altar of Kikubaaqudgha.
  8971 | D:8      | Got a dazzling hand axe
  8972 | D:8      | Identified the +2 hand axe "Paxostud" {speed, rElec rPois Int+6} (You found it on level 8 of the Dungeon)
  9485 | D:9      | Reached skill level 9 in Earth Magic
 10466 | D:9      | Noticed Maurice
 10472 | D:9      | Killed Maurice
 10682 | D:9      | Reached ****** piety under Sif Muna
 10682 | D:9      | Received a gift from Sif Muna
 10732 | D:9      | HP: 1/75 [troll (8)]
 10732 | D:9      | Mangled by a troll

Skill      XL: |  1  2  3  4  5  6  7  8  9 10 |
---------------+-------------------------------+-----
Earth Magic    | 4 5 6 7 8 9 |  9.6
Spellcasting   | 3 4 5 6 7 8 |  8.5
Conjurations   | 1 2 3 4 5 6 |  6.0
Transmutations | 2 3 4 5 |  5.9
Shields        | 2 |  2.5
Dodging        | |  1.5
Stealth        | |  3.0

Action                   |  1- 3 |  4- 6 |  7- 9 | 10-12 || total
-------------------------+-------+-------+-------+-------++-------
Melee: Short sword       |    19 |    85 |       |       ||   104
       Unarmed           |     1 |       |       |       ||     1
       Spear             |    11 |       |       |       ||    11
       Falchion          |       |    11 |    95 |     1 ||   107
       Hand axe          |       |       |       |    20 ||    20
Throw: Stone             |       |       |     1 |       ||     1
 Cast: Sandblast         |    27 |    60 |   150 |    24 ||   261
       Petrify           |       |       |     1 |       ||     1
       Stone Arrow       |       |       |    39 |    66 ||   105
Invok: Channel Energy    |       |       |    14 |     3 ||    17
 Abil: Spit Poison       |     8 |    24 |    36 |     8 ||    76
Evoke: Wand              |       |       |     2 |       ||     2
  Use: Scroll            |     6 |     1 |     7 |     4 ||    18
       Potion            |     2 |     5 |     4 |     2 ||    13
 Stab: Sleeping          |     5 |       |     1 |       ||     6
  Eat: Chunk             |     2 |     7 |     8 |     6 ||    23
       Beef jerky        |       |       |     1 |     1 ||     2
       Royal jelly       |       |       |     1 |       ||     1
       Bread ration      |       |       |     1 |       ||     1
       Pizza             |       |       |     1 |       ||     1
Armor: Robe              |    32 |    86 |   177 |    53 ||   348
Dodge: Dodged            |    25 |    64 |    99 |    36 ||   224
Block: Buckler           |       |       |    44 |    25 ||    69
